 Dungeon Crawl Stone Soup version 0.32-a0-898-g7811c86cf0 (webtiles) character file.

Game seed: 3112303651012393095

57 Biggs the Shooter (level 4, -8/33 HPs)
             Began as a Coglin Hunter on Apr 5, 2024.
             Killed by divine providence
             ... invoked by an orc priest
              (16 damage)
             ... on level 3 of the Dungeon.
             The game lasted 00:02:13 (1776 turns).

Biggs the Shooter (Coglin Hunter)                   Turns: 1776, Time: 00:02:13

Health: -8/33      AC:  4    Str: 11    XL:     4   Next: 0%
Magic:  4/4        EV: 12    Int:  8    God:
Gold:   139        SH:  0    Dex: 20    Spells: 3/3 levels left

rFire   . . .        a - +2 sling {Dalbir}
rCold   . . .        d - +0 sling {Gloria}
rNeg    . . .        c - +0 leather armour
rPois   .            i - +0 helmet
rElec   .            (no cloak)
rCorr   .            (no gloves)
SInv    .            (no boots)
Will    .....        (amulet unavailable)
Stlth   ++           (ring unavailable)
HPRegen 0.25/turn    (ring unavailable)
MPRegen 0.09/turn    (no gizmo)

%: no passive effects
@: revved
A: off-hand wielding, slow wielding, warmup strikes, no jewellery
a: Invent Gizmo, Convert to Beogh


You were on level 3 of the Dungeon.
You visited 1 branch of the dungeon, and saw 3 of its levels.

You collected 139 gold pieces.

Inventory:

Hand Weapons
 a - a +2 sling (weapon) {Dalbir}
 d - a +0 sling (offhand) {Gloria}
Armour
 c - a +0 leather armour (worn)
 i - a +0 helmet (worn)
Wands
 o - a wand of polymorph (6)
Scrolls
 b - a scroll of butterflies
 g - 2 scrolls of identify {unknown}
 l - a scroll of brand weapon {unknown}
 m - a scroll of revelation {unknown}
 n - a scroll of amnesia {unknown}
Potions
 e - a potion of curing {unknown}
 f - a potion of enlightenment {unknown}
 h - a potion of brilliance {unknown}
 j - a potion of haste {unknown}
 k - a potion of resistance {unknown}


   Skills:
 - Level 2.0 Fighting
 + Level 4.3 Ranged Weapons
 + Level 2.9 Dodging
 - Level 0.7 Stealth


You had 3 spell levels left.
You didn't know any spells.
Your spell library contained the following spells:

 Spells                   Type           Power      Damage    Failure   Level
 Sandblast                Erth           0%         2d4       50%         1
 Blink                    Tloc           0%         N/A       65%         2
 Lesser Beckoning         Tloc           0%         N/A       65%         2
 Momentum Strike          Conj/Tloc      0%         3d8       65%         2
 Stone Arrow              Conj/Erth      0%         3d7       86%         3
 Brom's Barrelling Bould  Conj/Erth      0%         2d3       99%         4


Dungeon Overview and Level Annotations

Branches:
Dungeon (3/15)

Altars:


Innate Abilities, Weirdness & Mutations

You can wield a second weapon in your off-hand.
It takes a long time for you to wield or remove held weapons.
Your first few attacks do less damage.
You cannot equip rings or amulets.


Message History

The orc priest threatens, "Beogh's wrath is as vast as their mercy.
Make your choice!"
The sling bullet hits the orc priest.
The orc priest is heavily wounded.
The orc priest shouts, "Surrender to Beogh and we'll let you live!"
The orc priest mumbles some strange prayers to Beogh against you.
Pain shoots through your body!
Unknown command.
Fire: a) +2 sling {Dalbir}
Press: ? - help, Q - select action, (/) - cycle Shift-Dir - straight line, f/p - orc priest
Aim: an orc priest, wielding a +0 dagger and wearing a +0 chain mail (heavily wounded, 72% to hit)
You shoot a sling bullet.
The sling bullet barely misses the orc priest.
You shoot a sling bullet.
The sling bullet hits the orc priest but does no damage.
The orc priest is heavily wounded.
The orc priest shouts, "Surrender to Beogh and we'll let you live!"
Fire: a) +2 sling {Dalbir}
Press: ? - help, Q - select action, (/) - cycle Shift-Dir - straight line, f/p - orc priest
Aim: an orc priest, wielding a +0 dagger and wearing a +0 chain mail (heavily wounded, 72% to hit)
You shoot a sling bullet.
The sling bullet completely misses the orc priest.
The sling bullet closely misses the frilled lizard.
You shoot a sling bullet.
The sling bullet hits the orc priest but does no damage.
The orc priest is heavily wounded.
The orc priest calls down the wrath of Beogh upon you.
Beogh smites you!
* * * LOW HITPOINT WARNING * * *
Fire: a) +2 sling {Dalbir}
Press: ? - help, Q - select action, (/) - cycle Shift-Dir - straight line, f/p - orc priest
Aim: an orc priest, wielding a +0 dagger and wearing a +0 chain mail (heavily wounded, 72% to hit)
You shoot a sling bullet.
The sling bullet hits the orc priest but does no damage.
The orc priest is heavily wounded.
You shoot a sling bullet.
The sling bullet hits the orc priest but does no damage.
The orc priest is heavily wounded.
The orc priest invokes the aid of Beogh against you.
Beogh smites you!
You die...

#..#..........#).#
#..#...#..#.#.#..# #
#######..#..........). ...
#.................#)#.....
##.####.##......l..o....!.
...# #.##..#....##.#.####
#..# #.##..#....# :# #..#
#.....#...o# ..
#..####..####...@# ###
#..##............#
.................#
#)..#########....#
#...........†....#
....#..........#.#
#<......#####.##.#
#.#...#........#.#
#.#.############.#


You could see an orc priest and a frilled lizard.

Vanquished Creatures
  A ribbon worm (D:2)
  3 orcs (D:3)
  4 ball pythons
  3 endoplasms (D:1)
  A giant cockroach (D:1)
  5 goblins
  6 hobgoblins
  4 jackals (D:2)
  4 kobolds
  3 quokkas
  5 bats
  2 frilled lizards (D:1)
  2 rats
43 creatures vanquished.

Notes
Turn   | Place    | Note
-------+----------+-------------------------------------------
     0 | D:1      | Biggs the Coglin Hunter began the quest for the Orb.
     0 | D:1      | Reached XP level 1. HP: 16/16 MP: 1/1
    55 | D:1      | Reached XP level 2. HP: 22/22 MP: 2/2
   116 | D:1      | Found a faded altar of an unknown god.
   379 | D:1      | Reached skill level 4 in Ranged Weapons
   476 | D:1      | Reached XP level 3. HP: 27/27 MP: 3/3
  1767 | D:3      | Reached XP level 4. HP: 33/33 MP: 4/4
  1776 | D:3      | Killed from afar by an orc priest

Illustrated notes

Levels and vault maps discovered:
D:1:      heliophobic_arrival_henge, layout_basic, basic_ecumenical_altar
D:2:      layout_loops_cross, kennysheep_generic_room_16
D:3:      layout_basic

Skill      XL: |  1  2 |
---------------+-------+-----
Dodging        | 2 |  2.9
Ranged Weapons | 4 |  4.3
Fighting       | |  2.0
Stealth        | |  0.7

Action                     |  1- 3 |  4- 6 || total
---------------------------+-------+-------++-------
   Fire: Sling             |   164 |    10 ||   174
 Armour: Leather armour    |     7 |       ||     7
  Dodge: Dodged            |     6 |       ||     6

Table legend: (Time is in decaauts)
 A = Elapsed time spent in this place.
 B = Non-inter-level travel time spent in this place.
 C = Inter-level travel time spent in this place.
 D = Time resting spent in this place.
 E = Time spent auto-exploring this place.
 F = Levels seen in this place.
 G = Mean time per level.
                   A        B        C        D        E       F      G
               +--------+--------+--------+--------+--------+-----+--------+
         Total |   1796 |   1746 |     50 |      0 |   1545 |   3 |  598.7 |
       Dungeon |   1796 |   1746 |     50 |      0 |   1545 |   3 |  598.7 |
               +--------+--------+--------+--------+--------+-----+--------+

Top non-repeatable levels by time:
     D:1: 923 daAuts
     D:2: 689 daAuts
     D:3: 182 daAuts
